Map: Romanticide LE

Players

ShoWTimE - Winner!

  • Race: Protoss Protoss

MarineLorD

  • Race: Terran Terran
  • League: Master

Event: DreamHack SC2 Masters 2021 Winter

VOD

Have the link to the VOD?

Description

Time

  • Played on: Oct. 15, 2021, 1:35 p.m.
  • Length: 15:38

All games in this series

Show
View Real Time Build Order
Export as new Build Order

ShoWTimE Protoss - Winner!

Build Orders: 1 Gate Expand, Blink Stalkers, Zealot Archon 

Get SALT Encoding   

  12  0:00  Probe  
  13  0:12  Probe  
  14  0:17  Pylon  
  14  0:24  Probe  
  15  0:35  Gateway  
  15  0:36  Probe (Chrono Boost)  
  16  0:45  Probe (Chrono Boost)  
  16  0:46  Assimilator  
  17  0:51  Probe (Chrono Boost)  
  18  1:03  Probe  
  19  1:15  Probe  
  20  1:21  Nexus  
  20  1:31  Cybernetics Core  
  20  1:34  Probe  
  20  1:39  Assimilator  
  21  1:46  Probe  
  22  1:50  Pylon  
  22  1:58  Probe  
  23  2:05  Adept (Chrono Boost)  
  23  2:08  Warp Gate  
  25  2:10  Probe  
  26  2:22  Twilight Council, Probe  
  27  2:26  Stalker (Chrono Boost)  
  29  2:33  Probe (Chrono Boost)  
  31  2:41  Probe (Chrono Boost)  
  31  2:43  Probe (Chrono Boost)  
  32  2:48  Probe x2 (Chrono Boost)  
  34  2:53  Blink (Chrono Boost)  
  34  2:59  Probe x2  
  36  3:06  Stalker  
  36  3:11  Probe  
  36  3:12  Probe  
  40  3:17  Gateway  
  40  3:23  Probe  
  40  3:24  Probe  
  42  3:27  Robotics Facility  
  42  3:35  Probe  
  42  3:36  Probe  
  43  3:43  Pylon  
  43  3:50  Nexus  
  43  3:51  Probe  
  44  3:56  Stalker  
  44  4:01  Probe, Pylon  
  47  4:04  Probe  
  48  4:13  Probe  
  48  4:14  Stalker  
  48  4:15  Observer  
  52  4:18  Probe  
  52  4:20  Assimilator  
  52  4:22  Assimilator  
  53  4:25  Probe  
  53  4:30  Probe  
  54  4:37  Probe  
  53  4:42  Probe  
  54  4:47  Forge  
  54  4:49  Probe  
  54  4:50  Templar Archives  
  55  4:54  Probe  
  55  4:56  Stalker x2  
  60  5:02  Probe  
  60  5:03  Probe  
  60  5:06  Probe  
  63  5:08  Charge  
  63  5:09  Pylon  
  63  5:11  Protoss Ground Weapons Level 1 (Chrono Boost)  
  63  5:14  Probe  
  64  5:15  Probe  
  64  5:18  Probe  
  66  5:26  Probe  
  66  5:27  Gateway  
  66  5:28  Probe  
  68  5:30  Psionic Storm, Probe  
  69  5:37  Gateway  
  69  5:38  Probe  
  69  5:40  Probe  
  69  5:47  Gateway, Probe (Chrono Boost)  
  70  5:52  Probe (Chrono Boost)  
  70  5:53  Probe (Chrono Boost)  
  70  5:56  Assimilator  
  72  6:00  Assimilator  
  72  6:03  Probe x2 (Chrono Boost)  
  75  6:06  Probe (Chrono Boost)  
  75  6:08  Probe (Chrono Boost)  
  75  6:10  Probe  
  74  6:14  Probe  
  74  6:15  High Templar x2  
  80  6:18  Probe  
  80  6:22  Probe  
  80  6:23  Observer  
  80  6:25  High Templar  
  84  6:26  Probe  
  84  6:27  Pylon  
  84  6:28  Pylon  
  84  6:30  Gateway  
  85  6:34  Gateway, Pylon  
  85  6:37  Gateway  
  85  6:45  Warp Prism (Chrono Boost), Probe x2, High Templar  
  91  6:48  Zealot x2, Pylon, Sentry  
  91  6:53  Protoss Ground Armor Level 1 (Chrono Boost)  
  97  6:57  Pylon  
  97  6:58  Zealot  
  99  7:01  Pylon x2  
  99  7:05  Gateway  
  99  7:06  Gateway  
  99  7:10  High Templar  
  99  7:13  High Templar x2  
  105  7:21  Archon  
  105  7:22  Zealot, High Templar  
  109  7:24  Observer  
  109  7:28  Zealot x2, Forge  
  114  7:30  Archon  
  114  7:39  Zealot  
  114  7:42  Photon Cannon  
  114  7:43  Zealot x2  
  114  7:44  Pylon  
  120  7:46  Zealot  
  120  7:50  Nexus  
  122  7:52  Zealot, High Templar x2  
  122  7:56  Archon  
  128  7:59  Zealot x3  
  128  8:01  Protoss Ground Weapons Level 2 (Chrono Boost)  
  128  8:03  Stalker x3  
  140  8:09  Observer  
  140  8:12  Robotics Bay  
  140  8:13  Zealot x2  
  140  8:15  Robotics Facility  
  144  8:23  Pylon  
  144  8:25  Probe, Pylon  
  144  8:26  Probe x2  
  147  8:28  Pylon  
  147  8:29  Pylon  
  147  8:44  Shield Battery  
  147  8:46  Photon Cannon  
  147  8:47  Zealot x5  
  155  8:48  Pylon  
  155  8:54  Zealot  
  155  8:55  Zealot  
  150  9:05  Colossus (Chrono Boost)  
  162  9:10  Extended Thermal Lance  
  162  9:15  Colossus (Chrono Boost)  
  162  9:16  Nexus  
  158  9:30  Pylon  
  152  9:32  Zealot x5  
  152  9:33  Zealot x2  
  152  9:35  High Templar x2  
  152  9:38  Pylon  
  170  9:39  Archon, Pylon  
  170  9:48  Protoss Ground Armor Level 2 (Chrono Boost)  
  170  9:49  Probe x2  
  170  9:50  Shield Battery  
  170  9:51  Probe  
  171  9:53  Shield Battery  
  171  9:56  Colossus  
  173  10:01  Probe  
  173  10:03  Shield Battery  
  173  10:05  Observer  
  172  10:10  Colossus  
  172  10:12  Assimilator  
  178  10:15  Assimilator  
  174  10:23  Zealot x5  
  174  10:29  Zealot x3  
  174  10:31  Protoss Ground Weapons Level 3 (Chrono Boost)  
  180  10:40  Observer  
  180  10:45  Zealot x4  
  180  10:46  Zealot x2  
  186  10:53  Observer  
  186  10:54  Observer  
  177  11:03  Stalker x4  
  183  11:04  Disruptor  
  183  11:08  Zealot x3  
  183  11:09  Zealot  
  183  11:11  Zealot  
  192  11:14  Disruptor  
  195  11:24  Dark Shrine  
  195  11:40  Stalker x2  
  199  11:49  Disruptor  
  196  11:57  Zealot x4  
  196  12:00  Protoss Ground Armor Level 3 (Chrono Boost)  
  193  12:27  Disruptor  
  192  12:30  Nexus  
  192  12:33  Pylon  
  192  12:35  Pylon  
  192  12:37  Shadow Stride (Chrono Boost)  
  191  12:45  Dark Templar  
  193  12:57  Disruptor  
  196  13:03  Stalker x2  
  198  13:09  Protoss Shields Level 1 (Chrono Boost)  
  198  13:10  Dark Templar x7  
  196  13:16  Gravitic Boosters  
  196  13:17  Observer  
  196  13:18  Gateway  
  196  13:19  Gateway  
  197  13:21  Gateway  
  197  13:24  Gateway  
  197  13:26  Dark Templar x2  
  199  13:47  Zealot x2  
  200  13:54  Disruptor (Chrono Boost)  
  200  13:55  Stalker x6  
  197  14:01  Disruptor (Chrono Boost)  
  148  14:22  Stalker x3  
  148  14:23  Dark Templar x7  
  168  14:25  Zealot x3  
  168  14:29  Zealot  
  168  14:31  Disruptor x2 (Chrono Boost)  
  180  14:42  Observer, Nexus  
  180  14:44  Pylon  
  180  14:47  Stalker x6  
  192  14:53  Nexus  
  192  14:54  Pylon  
  192  14:59  Disruptor x2 (Chrono Boost)  
  198  15:12  Probe x2  
Show
View Real Time Build Order
Export as new Build Order

MarineLorD Terran 

Build Orders:  

Get SALT Encoding   

  12  0:00  SCV  
  13  0:12  SCV  
  14  0:16  Supply Depot  
  14  0:24  SCV  
  15  0:38  SCV  
  15  0:40  Barracks  
  16  0:43  Refinery  
  16  0:50  SCV  
  17  1:02  SCV  
  18  1:14  SCV  
  19  1:27  Marine, Orbital Command  
  20  1:44  Command Center  
  20  1:54  Factory  
  20  1:57  SCV  
  21  2:03  Barracks Reactor  
  21  2:08  Supply Depot  
  21  2:10  SCV  
  22  2:15  Refinery  
  22  2:22  SCV  
  23  2:28  Bunker  
  23  2:34  SCV  
  24  2:38  Hellion  
  24  2:43  Starport  
  26  2:46  SCV  
  27  2:55  Orbital Command  
  27  2:58  SCV  
  28  3:02  Widow Mine  
  30  3:06  Marine  
  30  3:08  Marine  
  30  3:11  SCV  
  33  3:20  Medivac  
  33  3:23  SCV  
  33  3:24  Widow Mine, SCV  
  39  3:27  Marine  
  39  3:30  Marine  
  41  3:36  SCV  
  41  3:40  SCV  
  41  3:48  SCV  
  45  3:56  Factory Tech Lab  
  45  3:57  Command Center  
  45  3:59  Supply Depot  
  45  4:00  Starport Tech Lab  
  45  4:01  SCV  
  43  4:03  SCV  
  44  4:12  Marine  
  44  4:13  Marine  
  44  4:15  Supply Depot  
  46  4:20  SCV x2, Siege Tank, Raven  
  53  4:30  Marine  
  54  4:37  Supply Depot, SCV x2  
  56  4:43  Barracks  
  56  4:44  Barracks  
  54  4:49  Supply Depot, SCV x2  
  54  4:50  Marine x2  
  58  4:53  Siege Tank  
  61  5:00  Supply Depot  
  61  5:01  SCV  
  61  5:04  SCV  
  63  5:08  Marine x2  
  63  5:13  SCV, Refinery  
  66  5:14  Refinery  
  66  5:15  Orbital Command  
  66  5:17  SCV  
  67  5:25  SCV, Engineering Bay  
  67  5:26  Engineering Bay  
  68  5:30  SCV  
  68  5:37  SCV  
  68  5:38  Marine x2  
  68  5:41  SCV  
  72  5:51  Stimpack, Combat Shield  
  72  5:52  Marauder x2  
  72  5:54  SCV x2  
  78  5:57  SCV  
  78  5:59  Factory Reactor  
  78  6:04  Marine  
  78  6:06  SCV  
  78  6:07  SCV  
  82  6:12  Orbital Command  
  82  6:13  Marauder x2  
  82  6:17  Terran Infantry Weapons Level 1, Terran Infantry Armor Level 1  
  82  6:18  Starport Reactor  
  83  6:19  Marine  
  83  6:20  SCV  
  83  6:21  SCV  
  83  6:22  Marine  
  87  6:30  Barracks x2  
  87  6:33  SCV  
  87  6:34  Marauder x2  
  87  6:35  SCV  
  87  6:38  SCV  
  95  6:47  SCV x2  
  95  6:48  Supply Depot  
  95  6:49  Supply Depot  
  95  6:52  Supply Depot, Widow Mine x2  
  100  6:54  SCV  
  100  7:00  Supply Depot  
  101  7:01  Supply Depot  
  101  7:09  Medivac, Marine x2  
  101  7:10  Marauder x2, Concussive Shells  
  101  7:11  Medivac, SCV x2  
  113  7:16  Bunker  
  113  7:17  Supply Depot, SCV  
  113  7:18  Supply Depot  
  113  7:19  Barracks Tech Lab, Barracks Reactor  
  110  7:23  SCV x2  
  110  7:24  Supply Depot  
  110  7:25  Armory  
  110  7:27  Marine  
  110  7:29  SCV  
  114  7:33  Marine  
  114  7:34  Marauder x2, Refinery  
  114  7:35  Refinery  
  119  7:39  Medivac  
  119  7:40  SCV x2  
  119  7:41  Supply Depot, Medivac, Ghost Academy  
  119  7:43  Supply Depot  
  125  7:45  Widow Mine x2, Marine  
  125  7:48  Marauder  
  132  7:51  Marine  
  132  7:55  Marine  
  132  7:57  Marauder, Marine x2  
  132  7:58  Missile Turret  
  138  8:03  SCV x3  
  138  8:05  Command Center  
  141  8:09  Marine x3  
  141  8:11  Widow Mine, Medivac  
  141  8:12  Widow Mine  
  150  8:17  Ghost  
  150  8:18  Ghost  
  154  8:22  Medivac  
  154  8:26  Marine x2  
  158  8:31  Terran Infantry Weapons Level 2  
  158  8:37  Terran Infantry Armor Level 2, Barracks  
  158  8:38  Barracks  
  158  8:39  Barracks  
  158  8:40  Marine  
  158  8:41  Marauder, Marine  
  157  8:52  Marauder  
  157  8:53  Marine x2  
  157  8:55  Medivac x2  
  159  8:57  Widow Mine x2  
  163  9:04  Marauder, Marine x3  
  163  9:07  SCV x2  
  163  9:08  SCV  
  169  9:11  Marine  
  170  9:19  SCV x2  
  170  9:20  Marauder, Marine  
  169  9:25  Viking x2  
  169  9:26  Widow Mine  
  169  9:27  Widow Mine  
  176  9:35  Barracks Tech Lab x3, Marine x2  
  178  9:44  Marine x2  
  178  9:45  Marauder, Marine x2  
  181  9:53  Marine x2  
  181  9:55  Medivac x2  
  181  9:56  Marine x2  
  181  9:57  Marauder  
  181  9:59  SCV x2  
  193  10:00  Planetary Fortress  
  193  10:04  Marauder  
  194  10:09  Ghost  
  194  10:10  Missile Turret  
  196  10:20  Marine x2, Ghost  
  194  10:24  Ghost  
  194  10:25  Marine  
  194  10:29  Command Center  
  194  10:33  Medivac  
  194  10:35  Terran Ship Weapons Level 1  
  196  10:36  Supply Depot  
  196  10:40  Refinery  
  196  10:41  Refinery, Command Center  
  196  10:49  Medivac  
  193  10:52  Marine  
  193  10:53  Marauder  
  193  10:55  Ghost x2  
  193  10:56  Marine x2  
  194  10:57  Marine  
  194  10:58  Marine  
  186  11:12  Marine, Ghost x2  
  186  11:13  Ghost  
  186  11:14  Marine x2  
  186  11:15  Marine  
  196  11:18  Command Center  
  196  11:20  Enhanced Shockwaves  
  196  11:22  Command Center  
  196  11:24  Missile Turret  
  196  11:35  Ghost x2  
  193  11:49  Planetary Fortress  
  190  11:59  Ghost x2  
  194  12:04  Command Center  
  194  12:05  Command Center  
  194  12:07  Viking x2  
  198  12:14  Missile Turret, Terran Infantry Weapons Level 3  
  191  12:25  Marauder x3, Marine x3  
  191  12:29  Orbital Command  
  200  12:34  Orbital Command  
  200  12:43  Refinery x2  
  200  12:50  Marauder, Marine x2  
  200  12:53  Marauder  
  200  12:55  Marine  
  200  12:56  Marauder  
  197  13:10  Viking x2  
  198  13:16  Starport  
  197  13:20  Factory Reactor  
  197  13:22  Terran Ship Weapons Level 2  
  197  13:23  Orbital Command x2  
  197  13:31  Personal Cloaking  
  197  13:34  Missile Turret  
  183  13:54  Marauder, Marine  
  169  13:56  Marauder  
  169  13:57  Marauder  
  169  13:58  Liberator  
  169  13:59  Marauder, Marine x2  
  171  14:03  Marine x2  
  154  14:11  Marine  
  154  14:15  Marauder  
  154  14:17  Marine x2  
  133  14:21  Marine x2  
  133  14:22  Marauder  
  136  14:28  Liberator x2  
  136  14:30  Fusion Core  
  138  14:32  Marauder x2  
  138  14:33  Widow Mine x2, Orbital Command  
  138  14:37  Ghost x2  
  147  14:38  Marine  
  148  14:45  Liberator x2  
  148  14:51  Sensor Tower  
  152  14:58  Marauder, Marine x3  
  153  15:01  Marine x2  
  153  15:02  Marauder  
  157  15:10  Sensor Tower  

Tags
 
Add a new tag
Caveats
  • Supply blocks, unpowered buildings, or Contaminate may cause inaccurate times.
  • Supply counts are checked every 10 seconds.